 Dungeon Sprint DCSS version 0.22-a0-83-g218e7ff (webtiles) character file.

58 theanonym the Chopper (level 3, 0/37 HPs)
             Began as a Deep Dwarf Fighter on Jan 19, 2018.
             Was an Initiate of Makhleb.
             Splashed by an oklob sapling priest's acid (10 damage)
             ... in the Dungeon (Sprint IV: "Fedhas' Mad Dash").
             The game lasted 00:01:00 (74 turns).

theanonym the Chopper (Deep Dwarf Fighter)            Turns: 74, Time: 00:01:00

Health: 0/37       AC:  0    Str: 20    XL:     3   Next: 76%
Magic:  1/2        EV:  7    Int:  8    God:    Makhleb [......]
Gold:   33         SH: 10    Dex: 12    Spells: 2/2 levels left

rFire    . . .     SeeInvis .   a - +0 war axe
rCold    . . .     Gourm    .   c - +0 shield
rNeg     . . .     Faith    .   k - +0 scale mail {10}
rPois    .         Spirit   .   (no helmet)
rElec    .         Reflect  .   (no cloak)
rCorr    .         Harm     .   (no gloves)
MR       .....     NoTele   +   (no boots)
Stlth    ..........             f - amulet of invisibility {+Inv}
HPRegen  0.00/turn              (no ring)
MPRegen  0.08/turn              (no ring)

@: corroded, very slightly contaminated, non-regenerating
A: damage resistance, heal wounds, sense surroundings 1, no regeneration
a: Heal Wounds, Renounce Religion, Evoke Invisibility


Innate Abilities, Weirdness & Mutations

You are resistant to damage.
You can heal yourself by infusing magical energy.
You passively map a small area around you.
You do not regenerate.


   Skills:
 * Level 4.7 Fighting
 * Level 5.1 Axes
 + Level 4.6 Armour
 + Level 4.7 Shields


You had 2 spell levels left.
You didn't know any spells.

Skill      XL: |  1  2  3 |
---------------+----------+-----
Fighting       | 3 4 |  4.7
Axes           | 3 4 5 |  5.1
Armour         | 4 |  4.6
Shields        | 4 |  4.7

Action                   || total
-------------------------++-------
Melee: War axe           ||    21
 Abil: Heal Wounds       ||     3
       Evoke Invisibilit ||     1
 Stab: Invisible         ||     1
Dodge: Dodged            ||     7
Block: Shield            ||     8

Inventory:

Hand Weapons
 a - a +0 war axe (weapon)
Armour
 c - a +0 shield (worn)
 k - a +0 scale mail (worn) {10}
Jewellery
 f - the amulet of invisibility (around neck) {+Inv}
   (You found it in the Dungeon)

   [amulet of nothing]

   It lets you turn invisible.
Scrolls
 b - a scroll of blinking
Potions
 d - 2 potions of might
 h - a potion of haste
 i - 2 potions of magic
 j - a potion of berserk rage
 q - a potion of heal wounds
 w - a potion of curing
Comestibles
 e - 2 rations You were in the Dungeon. You worshipped Makhleb. Makhleb was noncommittal. You were not hungry. You visited 1 branch You collected 33 gold pieces.

Dungeon Overview and Level Annotations

Branches:
Dungeon (1/1)

Altars:
Cheibriados
Dithmenos
Elyvilon
Gozag
Hepliaklqana
Kikubaaqudgha
Makhleb
Nemelex Xobeh
Okawaru
Qazlal
Ru
Sif Muna
Trog
Uskayaw
Vehumet
Wu Jian
Xom
Yredelemnul
Zin
The Shining One
Beogh
Jiyva
Lugonu

Annotations:
D exclusion: oklob sapling

########################
....#.....#.⌠._._._._.⌠.
+
†...'.#.).'.._._._._._..
†...#.#...#..._.@P_._...
########+##.._._._._._..
, , , ,,,#._._._._._.⌠.
* , ,, ############## *
,* * * *, * , , * * , *
* , * * *


You could see an oklob sapling priest.

Notes
Turn   | Place    | Note
-------+----------+-------------------------------------------
     0 | D        | theanonym the Deep Dwarf Fighter began the quest for the Orb.
     0 | D        | Reached XP level 1. HP: 20/20 MP: 1/1
     8 | D        | Reached skill level 3 in Fighting
     8 | D        | Reached skill level 3 in Axes
     8 | D        | Reached XP level 2. HP: 28/28 MP: 2/2
    16 | D        | Noticed an oklob sapling
    17 | D        | HP: 6/28 [acid (15)]
    18 | D        | Killed an oklob sapling
    18 | D        | Reached skill level 4 in Fighting
    18 | D        | Reached skill level 4 in Axes
    18 | D        | Reached skill level 4 in Armour
    18 | D        | Reached skill level 4 in Shields
    18 | D        | Reached XP level 3. HP: 7/36 MP: 3/3
    24 | D        | Found the amulet of invisibility {+Inv}
    28 | D        | Reached skill level 5 in Axes
    56 | D        | Found an opulent altar of Gozag.
    56 | D        | Found a hazy altar of Hepliaklqana.
    56 | D        | Found a burning altar of Makhleb.
    56 | D        | Found a roughly hewn altar of Beogh.
    56 | D        | Found a sparkling altar of Nemelex Xobeh.
    56 | D        | Found a snail-covered altar of Cheibriados.
    56 | D        | Found a sacrificial altar of Ru.
    56 | D        | Found a deep blue altar of Sif Muna.
    56 | D        | Found a shimmering altar of Xom.
    56 | D        | Found a basalt altar of Yredelemnul.
    57 | D        | Found a viscous altar of Jiyva.
    57 | D        | Found a bloodstained altar of Trog.
    57 | D        | Found an ornate altar of the Wu Jian Council.
    57 | D        | Noticed an oklob sapling priest
    58 | D        | Found an iron altar of Okawaru.
    58 | D        | Found a shadowy altar of Dithmenos.
    58 | D        | Found a glowing silver altar of Zin.
    59 | D        | Found a hide-covered altar of Uskayaw.
    59 | D        | Found an ancient bone altar of Kikubaaqudgha.
    60 | D        | Found a stormy altar of Qazlal.
    60 | D        | Found a glowing golden altar of the Shining One.
    60 | D        | Found a white marble altar of Elyvilon.
    61 | D        | Found a radiant altar of Vehumet.
    61 | D        | Found a corrupted altar of Lugonu.
    62 | D        | Became a worshipper of Makhleb the Destroyer
    68 | D        | HP: 18/37 [oklob sapling priest/divine providence (12)]
    74 | D        | HP: 10/37 [oklob sapling priest/splash of acid (8)]
    74 | D        | Splashed by an oklob sapling priest's acid

Vanquished Creatures
  An oklob sapling (D)
  A worker ant (D)
  A river rat (D)
  A rat (D)
4 creatures vanquished.

Table legend:
 A = Turns spent in this place as a percentage of turns spent in the entire game.
 B = Non-inter-level travel turns spent in this place as a percentage of non-inter-level travel turns spent in the entire game.
 C = Inter-level travel turns spent in this place as a percentage of turns spent in this place.
 D = Turns resting spent in this place as a percentage of non-inter-level travel turns spent in this place.
 E = Turns spent auto-exploring this place as a percentage of non-inter-level travel turns spent in this place.
 F = Non-inter-level travel turns spent in this place divided by the number of levels of this place that you've seen.
                   A       B       C       D       E      F
               +-------+-------+-------+-------+-------+----------------------
         Total | 100.0 | 100.0 |   0.0 |   2.7 |   0.0 |  74.0
       Dungeon | 100.0 | 100.0 |   0.0 |   2.7 |   0.0 |  74.0
               +-------+-------+-------+-------+-------+----------------------
